 Dungeon Crawl Stone Soup version 0.29.0-15-g675c0067aa (webtiles) character file.

Game seed: 1176891045728722003

43 smilodon the Trooper (level 3, -2/29 HPs)
             Began as a Demonspawn Fighter on Sept 11, 2022.
             Was a Follower of Kikubaaqudgha.
             Slain by Terence
             ... wielding a +0 falchion
              (5 damage)
             ... on level 2 of the Dungeon.
             The game lasted 00:04:11 (1601 turns).

smilodon the Trooper (Demonspawn Fighter)           Turns: 1601, Time: 00:04:12

Health: -2/29      AC:  6    Str: 16    XL:     3   Next: 37%
Magic:  4/4        EV:  8    Int: 11    God:    Kikubaaqudgha [*.....]
Gold:   48         SH:  4    Dex: 12    Spells: 3/3 levels left

rFire   . . .      SeeInvis .   (no weapon)
rCold   + . .      Faith    +   c - +0 buckler
rNeg    . . .      Spirit   .   b - +0 scale mail
rPois   .          Reflect  .   (no helmet)
rElec   .          Harm     .   (no cloak)
rCorr   .          Rampage  .   (no gloves)
Will    .....                   (no boots)
Stlth   ..........              j - amulet of faith
HPRegen 0.09/turn               e - ring of flight
MPRegen 0.09/turn               h - ring of protection from cold

@: flying
A: claws 1
a: Renounce Religion, Unearth Wretches


You were on level 2 of the Dungeon.
You worshipped Kikubaaqudgha.
Kikubaaqudgha was aware of your devotion.
You visited 1 branch of the dungeon, and saw 2 of its levels.

You collected 48 gold pieces.

Inventory:

Missiles
 i - 3 javelins (quivered)
Armour
 b - a +0 scale mail (worn)
 c - a +0 buckler (worn)
Jewellery
 e - a ring of flight (left claw)
 h - a ring of protection from cold (right claw)
 j - an amulet of faith (around neck)
Scrolls
 f - 2 scrolls of identify


   Skills:
 + Level 3.3 Fighting
 - Level 2.1 Long Blades
 + Level 3.0 Armour
 + Level 3.0 Shields
 * Level 0.1 Unarmed Combat
 + Level 0.7 Spellcasting
 + Level 0.8 Necromancy


You had 3 spell levels left.
You didn't know any spells.
Your spell library contained the following spells:

 Spells                   Type           Power      Damage    Failure   Level
 Necrotise                Necr           8%         1d4       73%         1
 Vampiric Draining        Necr           2%         2d6       97%         3
 Anguish                  Hex/Necr       0%         N/A       100%        4
 Animate Dead             Necr           2%         N/A       100%        4


Dungeon Overview and Level Annotations

Branches:
Dungeon (2/15)

Altars:
Kikubaaqudgha
Xom

Annotations:
D:2 Natasha, Terence


Innate Abilities, Weirdness & Mutations

You have sharp fingernails.


Message History

Terence is lightly wounded.
Terence hits you but does no damage.
You scratch Terence but do no damage.
Terence is lightly wounded.
Terence hits you with a +0 falchion.
You barely miss Terence.
Terence is lightly wounded.
You block Terence's attack.
You scratch Terence but do no damage.
Terence is lightly wounded.
Terence hits you with a +0 falchion.
You scratch Terence but do no damage.
Terence is lightly wounded.
Terence hits you with a +0 falchion.
You completely miss Terence.
Terence is lightly wounded.
Terence hits you with a +0 falchion.
You barely miss Terence.
Terence is lightly wounded.
Terence hits you with a +0 falchion. Terence attacks as you move away!
Terence barely misses you. Terence attacks as you move away!
Terence misses you. Terence attacks as you move away!
Terence barely misses you. Terence attacks as you move away!
You block Terence's attack.
There is a stone staircase leading down here.
Terence attacks as you move away! Terence hits you with a +0 falchion.
* * * LOW HITPOINT WARNING * * *
You scratch Terence but do no damage.
Terence is lightly wounded.
Terence hits you with a +0 falchion.
* * * LOW HITPOINT WARNING * * *
Terence attacks as you move away! Terence hits you but does no damage.
Terence attacks as you move away! Terence hits you with a +0 falchion.
* * * LOW HITPOINT WARNING * * *
Terence attacks as you move away! Terence barely misses you.
Terence attacks as you move away! Terence barely misses you.
Terence says, "Did you write a will?
You should..."
Terence attacks as you move away! Terence hits you with a +0 falchion.
You die...
Kikubaaqudgha rasps: "You have failed me!
Welcome... death!"

...##.##.......#
#.....
.#.##..........#
#.....
.#.#####.......#
#..... .#.#
#.......###########
#..... .#
#..................
#..... ##
#..................
#..... #
#.#####............
#..... ##### #.#
##...........
###h## ....# #.#
#.@............55#
###.# #.#
#.@..........##...
#.# #.# ###..######
#.### #.# #[ ##.##
#. #.# #..# .. #.#
##.# ## #.# #.##
###.# #..### ....#
##...##


You could see Terence.

Vanquished Creatures
  Natasha (D:2)
  2 ball pythons (D:1)
  A bat (D:1)
  3 endoplasms (D:2)
  A goblin (D:2)
  A hobgoblin (D:1)
  4 jackals (D:2)
  A quokka (D:2)
  A kobold (D:1)
  A rat (D:1)
16 creatures vanquished.

Notes
Turn   | Place    | Note
-------+----------+-------------------------------------------
     0 | D:1      | smilodon the Demonspawn Fighter began the quest for the
                  | Orb.
     0 | D:1      | Reached XP level 1. HP: 18/18 MP: 1/1
   396 | D:1      | Found a faded altar of an unknown god.
   405 | D:1      | Prayed at the altar of an unknown god.
   405 | D:1      | Became a worshipper of Kikubaaqudgha
   405 | D:1      | Reached * piety under Kikubaaqudgha
   405 | D:1      | Received a gift from Kikubaaqudgha
   798 | D:2      | Found a shimmering altar of Xom.
   818 | D:2      | Noticed Natasha
   822 | D:2      | Killed Natasha
   823 | D:2      | Gained mutation: You have sharp fingernails. [demonic
                  | ancestry]
   823 | D:2      | Reached XP level 2. HP: 24/24 MP: 1/3
   823 | D:2      | Reached XP level 3. HP: 29/29 MP: 1/4
  1120 | D:2      | Noticed Natasha
  1563 | D:2      | Noticed Terence
  1601 | D:2      | Slain by Terence

Illustrated notes

Levels and vault maps discovered:
D:1:      lightli_arrival_statuegarden, layout_basic,
          ebering_ecumenical_altar_rust, serial_forest,
          infiniplex_forest_clump_small, infiniplex_forest_lined_room_,
          infiniplex_forest_lined_corner, infiniplex_forest_end_3,
          infiniplex_forest_lined_4_way, minmay_hedge_maze
D:2:      layout_basic, basic_altar, kennysheep_generic_room_10, uniq_natasha,
          uniq_terence

Skill      XL: |  1  2  3 |
---------------+----------+-----
Long Blades    | 2 |  2.1
Armour         | 3 |  3.0
Shields        | 3 |  3.0
Fighting       | |  3.3
Unarmed Combat | |  0.1
Spellcasting   | |  0.7
Necromancy     | |  0.8

Action                   || total
-------------------------++-------
Melee: Long sword        ||    23
       Unarmed           ||    56
Throw: Javelin           ||     3
  Use: Potion            ||     3
       Scroll            ||     2
Armor: Scale mail        ||    27
Dodge: Dodged            ||    38
Block: Buckler           ||    15
